 Dungeon Crawl Stone Soup version 0.27-a0-1206-g6342a01c75 (webtiles) character file.

Game seed: 14694491476891830146

862 MacCMillion the Digger (level 8, -2/45 HPs)
             Began as a Gargoyle Earth Elementalist on June 5, 2021.
             Killed from afar by Edmund (9 damage)
             ... with a puff of flame
             ... on level 5 of the Dungeon.
             The game lasted 00:53:23 (10590 turns).

MacCMillion the Digger (GrEE)                      Turns: 10590, Time: 00:53:24

Health: -2/45      AC: 11    Str: 13    XL:     8   Next: 2%
Magic:  3/14       EV: 11    Int: 17    God:
Gold:   317        SH:  0    Dex: 10    Spells: 9/16 levels left

rFire    . . .     SeeInvis .   j - +1 dagger (venom)
rCold    + . .     Faith    .   (no shield)
rNeg     + . .     Spirit   .   c - +0 robe
rPois    ∞         Reflect  .   C - +0 helmet
rElec    +         Harm     .   (no cloak)
rCorr    .         Rampage  .   h - +1 pair of gloves
Will     .....                  A - +0 pair of boots
Stlth    ++........             (no amulet)
HPRegen  0.15/turn              D - ring of protection from cold
MPRegen  0.14/turn              (no ring)

@: slowed, very slow
A: sickness immunity, AC +5, negative energy resistance 1, electricity
resistance, torment resistance 1, petrification resistance
a: no special abilities


You were on level 5 of the Dungeon.
You visited 1 branch of the dungeon, and saw 6 of its levels.

You collected 317 gold pieces.

Inventory:

Hand Weapons
 f - a +0 dagger
 j - a +1 dagger of venom (weapon)
 r - a +0 vampiric short sword
Missiles
 k - 75 stones
 x - 16 poisoned darts
Armour
 c - a +0 robe (worn)
 h - a +1 pair of gloves (worn)
 A - a +0 pair of boots (worn)
 C - a +0 helmet (worn)
Jewellery
 g - a ring of ice
 t - an amulet of guardian spirit
 D - a ring of protection from cold (left hand)
Wands
 s - a wand of iceblast (9)
 B - a wand of paralysis (2)
 F - a wand of polymorph (5)
Scrolls
 a - a scroll of enchant weapon {unknown}
 d - a scroll of holy word {unknown}
 l - a scroll of torment {unknown}
 m - a scroll of teleportation
 n - a scroll of identify {unknown}
 p - 2 scrolls of noise {unknown}
 y - 2 scrolls of enchant armour
 E - a scroll of fear {unknown}
Potions
 b - a potion of curing
 e - a potion of cancellation {unknown}
 i - 2 potions of attraction {unknown}
 o - a potion of degeneration {unknown}
 q - 3 potions of berserk rage {unknown}
 u - 2 potions of flight {unknown}
 v - a potion of might {unknown}
 w - a potion of magic {unknown}
 z - a potion of ambrosia {unknown}


   Skills:
 + Level 2.6 Fighting
 - Level 1.5 Dodging
 - Level 2.5 Stealth
 + Level 4.6 Spellcasting
 + Level 5.5 Conjurations
 - Level 0.7 Transmutations
 - Level 6.3 Earth Magic


You had 9 spell levels left.
You knew the following spells:

 Your Spells              Type           Power      Damage    Failure   Level
a - Sandblast             Erth           50%        2d12      1%          1
b - Magic Dart            Conj           88%        1d7       1%          1
c - Passwall              Tmut/Erth      12%        N/A       5%          2
d - Stone Arrow           Conj/Erth      48%        3d10      3%          3

Your spell library contained the following spells:

 Spells                   Type           Power      Damage    Failure   Level
 Searing Ray              Conj           44%        3d4       2%          2
 Sting                    Tmut/Pois      20%        1d4       13%         1
 Dazzling Flash           Conj/Hex       26%        N/A       14%         3
 Summon Small Mammal      Summ           12%        N/A       16%         1
 Mephitic Cloud           Conj/Pois/Air  10%        N/A       21%         3
 Call Imp                 Summ           3%         N/A       22%         2
 Poisonous Vapours        Pois/Air       6%         N/A       22%         2
 Lee's Rapid Deconstruct  Erth           12%        3d10*     30%         5
 Petrify                  Tmut/Erth      15%        N/A       34%         4
 Ignite Poison            Fire/Tmut/Pois 4%         N/A       38%         3
 Call Canine Familiar     Summ           3%         N/A       41%         3
 Summon Guardian Golem    Hex/Summ       3%         N/A       41%         3
 Fulminant Prism          Conj/Hex       6%         3d7       43%         4
 Iskenderun's Mystic Bla  Conj/Tloc      13%        2d5       43%         4
 Olgreb's Toxic Radiance  Pois           3%         N/A       83%         4
 Summon Ice Beast         Ice/Summ       3%         N/A       83%         4
 Summon Lightning Spire   Summ/Air       3%         N/A       83%         4


Dungeon Overview and Level Annotations

Branches:
Dungeon (6/15)
 Temple: D:4-7

Altars:
Ashenzari
Cheibriados
The Shining One

Annotations:
D:2 1 exclusion, Jessica
D:5 Edmund, Sigmund


Innate Abilities, Weirdness & Mutations

You are immune to sickness and miasma.
Your stone body is resilient. (AC +5)
You are immune to poison.
You resist negative energy. (rN+)
You are resistant to electric shocks. (rElec)
You are resistant to unholy torment.
You are immune to petrification.


Message History

* * * LOW HITPOINT WARNING * * *
Casting: Sandblast (safe; 1% risk of failure)
Confirm with . or Enter, or press ? or * to list all spells.
Aiming: Sandblast (safe; 1% risk of failure)
Press: ? - help, Shift-Dir - straight line, f/p - wraith
Aim: a wraith (severely damaged, 81% to hit)
The blast of sand hits the wraith.
The wraith is almost destroyed.
k - 75 stones The wraith hits you.
* * * LOW HITPOINT WARNING * * *
The wraith drains your vigour!
You feel as though you will be slow longer.
Casting: Sandblast (safe; 1% risk of failure)
Confirm with . or Enter, or press ? or * to list all spells.
Okay, then.
You feel better. The wraith hits you but does no damage.
The wraith barely misses you. The wraith hits you.
* * * LOW HITPOINT WARNING * * *
The wraith drains your vigour!
You feel as though you will be slow longer.
There is a stone staircase leading up here.
The wraith misses you.
You climb upwards.
Level annotation: Edmund, Sigmund
There is a stone staircase leading down here.
As you read the scroll of teleportation, it crumbles to dust.
You feel strangely unstable. The wraith closely misses you.
The wraith hits you.
* * * LOW HITPOINT WARNING * * *
The wraith drains your vigour!
You feel as though you will be slow longer.
Your surroundings suddenly seem different.
Edmund shouts!
Edmund zaps a wand.
The puff of flame hits you.
* * * LOW HITPOINT WARNING * * *
Edmund clears his throat.
Edmund zaps a wand.
The puff of flame hits you!
You die...

....#....# #......#..#...#...#..
....'....# #......#..#...#.).#..
....#....# #......#..#...#...#..
#####....####......#..###.##..#..
#####.....######..###.##..#..
#.....#...............'..
#.....#...............#..
#####.....##'########..####..
#...........@......###'#.....
#..............|...#...#.....
#...........@......#...#.....
#..................#...#.....
#..................#...#.....
#..................#...+.....
#..................###'#.....
#.....###############....#'##
#.....# #...#....#..#


You could see Edmund.

Vanquished Creatures
  Duvessa (D:4)
  An orc warrior (D:4)
  A scorpion (D:5)
  Dowan (D:5)
  5 hounds
  A jelly (D:5)
  2 orc priests
  3 iguanas (D:5)
  3 orc wizards
  5 adders
  An ufetubus (D:3)
  2 worms (D:3)
  3 dart slugs
  18 orcs
  10 ball pythons
  5 bats
  8 endoplasms
  6 giant cockroaches
  11 goblins
  4 hobgoblins
  4 kobolds
  A quokka (D:2)
  2 frilled lizards (D:2)
  6 rats
104 creatures vanquished.

Vanquished Creatures (others)
  2 plants (D:2)
2 creatures vanquished.

Grand Total: 106 creatures vanquished

Notes
Turn   | Place    | Note
-------+----------+-------------------------------------------
     0 | D:1      | MacCMillion the Gargoyle Earth Elementalist began the quest
                  | for the Orb.
     0 | D:1      | Reached XP level 1. HP: 10/10 MP: 3/3
   282 | D:1      | Reached XP level 2. HP: 15/15 MP: 3/5
   313 | D:1      | Reached skill level 4 in Earth Magic
   981 | D:1      | Learned a level 1 spell: Magic Dart
  1039 | D:1      | Reached XP level 3. HP: 19/19 MP: 6/6
  1560 | D:2      | Noticed Jessica
  1770 | D:2      | Reached skill level 1 in Conjurations
  3275 | D:2      | Reached XP level 4. HP: 19/24 MP: 3/8
  3728 | D:3      | Reached XP level 5. HP: 28/28 MP: 4/9
  5154 | D:4      | Found a glowing golden altar of the Shining One.
  5338 | D:4      | Noticed an orc warrior
  5882 | D:4      | Killed an orc warrior
  5883 | D:4      | Reached XP level 6. HP: 15/32 MP: 8/11
  6639 | D:4      | Reached skill level 5 in Conjurations
  6999 | D:4      | Found a snail-covered altar of Cheibriados.
  7007 | D:4      | Found a broken altar of Ashenzari.
  7109 | D:5      | Entered Level 5 of the Dungeon
  7815 | D:5      | Noticed Duvessa
  7815 | D:5      | Noticed Dowan
  7841 | D:5      | Killed Dowan
  7842 | D:5      | Reached skill level 1 in Fighting
  7842 | D:5      | Reached XP level 7. HP: 35/38 MP: 4/13
  8047 | D:5      | Reached skill level 5 in Earth Magic
  9263 | D:5      | Noticed Sigmund
  9307 | D:4      | Killed Duvessa
  9485 | D:5      | Reached skill level 6 in Earth Magic
  9651 | D:5      | Noticed Edmund
  9761 | D:5      | Learned a level 2 spell: Passwall
 10435 | D:6      | Reached XP level 8. HP: 45/45 MP: 9/14
 10438 | D:6      | Noticed a vampire
 10439 | D:6      | Learned a level 3 spell: Stone Arrow
 10548 | D:6      | Noticed a wraith
 10590 | D:5      | Killed from afar by Edmund

Illustrated notes

Levels and vault maps discovered:
D:1:      co_arrival_square_in_a_square_in_a_square, layout_basic
D:2:      layout_loops_corners, serial_forest, infiniplex_forest_clump_small,
          infiniplex_forest_clump_diagonal, infiniplex_forest_clump_tiny,
          infiniplex_forest_clump_small, infiniplex_forest_end_3,
          infiniplex_forest_lined_2, infiniplex_forest_zigzag_1,
          grunt_ministairs_8, uniq_jessica
D:3:      minmay_razor_zed, layout_loops_corners, st_stairs_1
D:4:      layout_basic, overflow_temple_1_default,
          nicolae_overflow_hidden_temple, guppyfry_early_orc_mine
D:5:      layout_gridville, uniq_edmund, uniq_duvessa, uniq_sigmund
D:6:      layout_loops_ring, lemuel_tele_altar,
          minmay_temple_entry_from_below_a, uniq_crazy_yiuf_cottage

Skill      XL: |  1  2  3  4  5  6  7 |
---------------+----------------------+-----
Earth Magic    | 4 6 |  6.3
Conjurations   | 2 3 4 5 |  5.5
Spellcasting   | 3 4 |  4.6
Fighting       | 1 2 |  2.6
Dodging        | |  1.5
Stealth        | |  2.5
Transmutations | |  0.7

Action                   |  1- 3 |  4- 6 |  7- 9 || total
-------------------------+-------+-------+-------++-------
Melee: Dagger            |    52 |    37 |    26 ||   115
 Cast: Sandblast         |    31 |    29 |    43 ||   103
       Magic Dart        |    41 |    92 |    40 ||   173
       Passwall          |       |       |     3 ||     3
       Stone Arrow       |       |       |     5 ||     5
  Use: Potion            |     1 |     1 |     1 ||     3
       Scroll            |       |     1 |     2 ||     3
Armor: Robe              |    26 |    21 |    20 ||    67
Dodge: Dodged            |    44 |    33 |    42 ||   119

Table legend: (Time is in decaauts)
 A = Elapsed time spent in this place.
 B = Non-inter-level travel time spent in this place.
 C = Inter-level travel time spent in this place.
 D = Time resting spent in this place.
 E = Time spent auto-exploring this place.
 F = Levels seen in this place.
 G = Mean time per level.
                   A        B        C        D        E       F      G
               +--------+--------+--------+--------+--------+-----+--------+
         Total |  10615 |  10372 |    243 |   3462 |   4558 |   6 | 1769.2 |
       Dungeon |  10615 |  10372 |    243 |   3462 |   4558 |   6 | 1769.2 |
               +--------+--------+--------+--------+--------+-----+--------+

Top non-repeatable levels by time:
     D:3: 2667 daAuts
     D:4: 2487 daAuts
     D:5: 2455 daAuts
     D:2: 1490 daAuts
     D:1: 1427 daAuts
     D:6: 87 daAuts
